 Dungeon Crawl Stone Soup version 0.29.1-15-g9cfb28693d (webtiles) character file.

Game seed: 11247746861010937519

33 H0rd4k the Charlatan (level 3, -3/24 HPs)
             Began as an Octopode Artificer on Mar 15, 2023.
             Slain by Sigmund
             ... wielding a +0 scythe
              (11 damage)
             ... on level 2 of the Dungeon.
             The game lasted 00:00:55 (1505 turns).

H0rd4k the Charlatan (Octopode Artificer)           Turns: 1505, Time: 00:00:56

Health: -3/24      AC:  1    Str: 11    XL:     3   Next: 29%
Magic:  5/5        EV: 13    Int: 15    God:
Gold:   86         SH:  0    Dex: 12    Spells: 5/5 levels left

rFire   . . .      SeeInvis .     - Unarmed
rCold   . . .      Faith    .   (no shield)
rNeg    . . .      Spirit   .   (helmet restricted)
rPois   .          Reflect  .   (no amulet)
rElec   .          Harm     .   (no ring)
rCorr   .          Rampage  .   (no ring)
Will    .....                   (no ring)
Stlth   +++.......              (no ring)
HPRegen 0.08/turn               (no ring)
MPRegen 0.09/turn               (no ring)
                                (no ring)
                                (no ring)

@: no status effects
A: almost no armour, amphibious, 8 rings, camouflage 1, gelatinous body 1,
(nimble swimmer 1), tentacles
a: no special abilities


You were on level 2 of the Dungeon.
You visited 1 branch of the dungeon, and saw 2 of its levels.

You collected 86 gold pieces.

Inventory:

Wands
 b - a wand of flame (15) (quivered)
 c - a wand of charming (14)
 d - a wand of iceblast (5)
Scrolls
 a - 3 scrolls of teleportation {unknown}
 f - a scroll of enchant armour {unknown}
 g - a scroll of enchant weapon {unknown}
 h - a scroll of identify {unknown}
Potions
 e - a potion of degeneration {unknown}


   Skills:
 * Level 2.0 Fighting
 - Level 2.3 Dodging
 - Level 1.3 Stealth
 + Level 1.0 Unarmed Combat
 * Level 1.5 Spellcasting
 - Level 3.2 Evocations


You had 5 spell levels left.
You didn't know any spells.
Your spell library was empty.

Dungeon Overview and Level Annotations

Branches:
Dungeon (2/15)

Altars:

Annotations:
D:2 Robin, Sigmund


Innate Abilities, Weirdness & Mutations

You cannot wear most types of armour.
You are amphibious.
You can wear up to eight rings at the same time.
Your skin changes colour to match your surroundings (Stealth+).
Your rubbery body absorbs attacks. (AC +1, EV +1)
((You are camouflaged when in or above water. (Stealth+)))
You have tentacles for arms and can constrict up to eight enemies at once.


Message History

The goblin shoots a sling bullet.
The sling bullet barely misses you. The goblin hits you with a +0 dagger.
A hobgoblin comes into view.
A goblin comes into view. It is wielding a +0 dagger.
Sigmund zaps a wand.
The puff of flame hits you.
You hear a shout! x3
A goblin comes into view. It is wielding a +0 club.
The goblin shouts!
You hear a shout!
The goblin hits you with a +0 dagger. Sigmund misses you.
The goblin shoots a sling bullet.
The sling bullet closely misses you.
The goblin moves out of view.
You barely miss the goblin.
A hobgoblin comes into view.
The goblin barely misses you.
The goblin shoots a sling bullet.
The sling bullet barely misses you.
Sigmund casts a spell.
Sigmund flickers and vanishes!
Deactivating autopickup; reactivate with Ctrl-A.
The goblin shoots a sling bullet.
The sling bullet misses you.
You hear a shout!
You bump into the rock wall.
You feel less confused. The goblin completely misses you.
Something barely misses you. The goblin attacks as you move away!
The goblin hits you with a +0 dagger.
The goblin shoots a sling bullet.
The sling bullet closely misses you.
You hear a shout!
The goblin attacks as you move away! The goblin hits you with a +0 dagger.
Aiming: Charm
Press: ? - help, Shift-Dir - straight line, f - goblin
Aim: a goblin, wielding a +0 dagger (chance to affect: 73%)
The goblin is charmed.
Unknown command.
What are your orders? t - Shout!
Orders for allies: a - Attack new target. p - Attack previous target. r - Retreat! s - Stop attacking. g - Guard the area. f - Follow me.
Anything else - Cancel.
Guard this area!
Your goblin closely misses something.
Something hits you!
You die...

.........##.†.....#
##.##.##.##..####.#
#.##.##)†...# #.####
#........##.# ##...<####
#.....##.##.# #.........
#.....##....# #.........
#.........### #.........
######..#######.........
'.......@g{..............
#..########g###..........
.....!$...............
.#.#.................
#..........#...#
#.##..g....# ..#
#.......# .# #g......# .


gg........ You could see a goblin (ally target) and a friendly goblin (charmed).

Vanquished Creatures
  A dart slug (D:1)
  4 ball pythons
  5 bats
  An endoplasm (D:2)
  3 giant cockroaches (D:1)
  4 goblins (D:1)
  2 quokkas (D:1)
  A frilled lizard (D:1)
  3 kobolds (D:1)
  3 rats
27 creatures vanquished.

Notes
Turn   | Place    | Note
-------+----------+-------------------------------------------
     0 | D:1      | H0rd4k the Octopode Artificer began the quest for the Orb.
     0 | D:1      | Reached XP level 1. HP: 13/13 MP: 1/1
   183 | D:1      | Reached XP level 2. HP: 7/18 MP: 3/3
   189 | D:1      | Reached skill level 1 in Spellcasting
   986 | D:1      | Reached XP level 3. HP: 19/24 MP: 5/5
  1275 | D:1      | Found a faded altar of an unknown god.
  1490 | D:2      | Noticed Sigmund
  1493 | D:2      | Reached skill level 1 in Unarmed Combat
  1494 | D:2      | Noticed Robin
  1505 | D:2      | Slain by Sigmund

Illustrated notes

Levels and vault maps discovered:
D:1:      enne_arrival_octagon_isle, layout_basic,
          dreamdust_ecumenical_altar_sealed_demon
D:2:      layout_basic, minmay_tetromino_o4, uniq_terence, uniq_sigmund,
          uniq_robin, uniq_natasha

Skill      XL: |  1  2  3 |
---------------+----------+-----
Spellcasting   | 1 |  1.5
Fighting       | 2 |  2.0
Unarmed Combat | 1 |  1.0
Dodging        | |  2.3
Stealth        | |  1.3
Evocations     | |  3.2

Action                   || total
-------------------------++-------
Melee: Unarmed           ||    77
       Constrict         ||    21
       Tentacles         ||    10
       Punch             ||     5
Evoke: Wand              ||     1
 Stab: Sleeping          ||     4
Armor: Skin              ||    14
Dodge: Dodged            ||    66
